 Dungeon Crawl Stone Soup version 0.23-a0-8-gb809bb7 (webtiles) character file.

18474 Anon1729 the Fighter (level 12, 0/102 HPs)
             Began as a Demonspawn Gladiator on Aug 1, 2018.
             Was a High Priest of Okawaru.
             Slain by an orc knight
             ... wielding a +1 bardiche
              (13 damage)
             ... on level 12 of the Dungeon.
             The game lasted 00:25:02 (16158 turns).

Anon1729 the Fighter (Demonspawn Gladiator)        Turns: 16158, Time: 00:25:02

Health: 0/102      AC:  6    Str: 15    XL:     12   Next: 28%
Magic:  11/12      EV: 29    Int:  9    God:    Okawaru [*****.]
Gold:   687        SH:  8    Dex: 20    Spells: 11/11 levels left

rFire    . . .     SeeInvis .   a - +0 long sword
rCold    . . .     Gourm    .   M - +2 buckler {reflect}
rNeg     . . .     Faith    .   j - +3 leather armour
rPois    .         Spirit   .   (helmet restricted)
rElec    .         Reflect  +   (no cloak)
rCorr    +         Harm     .   (no gloves)
MR       .....                  (no boots)
Stlth    ++++......             c - amulet of magic regeneration
HPRegen  0.27/turn              w - +4 ring of evasion
MPRegen  0.38/turn              K - ring of resist corrosion

@: heroism
A: horns 2, nightstalker 1, spiny 1
a: Heroism, Finesse, Renounce Religion


You were on level 12 of the Dungeon.
You worshipped Okawaru.
Okawaru was extremely pleased with you.
You were near starving.

You visited 2 branches of the dungeon, and saw 14 of its levels.

You collected 687 gold pieces.

Inventory:

Hand Weapons
 a - a +0 long sword (weapon)
Missiles
 d - 6 throwing nets
 E - 4 silver javelins (quivered)
Armour
 j - a +3 leather armour (worn)
 A - the +1 leather armour of the First Blessings {+Fly}
   (You found it on level 9 of the Dungeon)

   It lets you fly.
 M - a +2 buckler of reflection (worn)
Jewellery
 c - an amulet of magic regeneration (around neck)
 w - a +4 ring of evasion (left hand)
 J - an uncursed ring of ice
 K - a ring of resist corrosion (right hand)
Wands
 s - a wand of polymorph (17)
 u - a wand of flame (29)
 D - a wand of enslavement (4)
 H - a wand of iceblast (1)
 L - a wand of acid (4)
Scrolls
 b - a scroll of blinking {unknown}
 h - 4 scrolls of enchant weapon {unknown}
 i - 2 scrolls of random uselessness {unknown}
 k - 5 scrolls of teleportation {unknown}
 l - 2 scrolls of noise {unknown}
 m - 10 scrolls of identify {unknown}
 o - a scroll of immolation {unknown}
 p - 4 scrolls of remove curse {unknown}
 q - a scroll of enchant armour {unknown}
 v - 2 scrolls of fear {unknown}
 y - 2 scrolls of fog {unknown}
 B - 3 scrolls of amnesia {unknown}
 F - a scroll of summoning {unknown}
 I - a scroll of magic mapping {unknown}
Potions
 e - a potion of magic {unknown}
 g - a potion of invisibility {unknown}
 n - 2 potions of curing
 r - 4 potions of brilliance {unknown}
 t - a potion of mutation {unknown}
 x - a potion of cancellation {unknown}
 z - 3 potions of flight
 C - a potion of haste
 G - 2 potions of resistance
 N - a potion of agility {unknown}
Comestibles
 f - 18 rations


   Skills:
 + Level 11.8(16.8) Fighting
 + Level 11.1(16.1) Long Blades
 - Level 1.7(6.7) Throwing
 + Level 11.1(16.1) Dodging


You had 11 spell levels left.
You didn't know any spells.
Your spell library contained the following spells:

 Spells                   Type           Power        Failure   Level  Hunger
 Apportation              Tloc           #.....       43%         1    ##.....
 Bolt of Cold             Conj/Ice       #.........   100%        6    #######
 Throw Frost              Conj/Ice       #.....       58%         2    ###....
 Freezing Cloud           Conj/Ice/Air   #.........   100%        6    #######
 Summon Small Mammal      Summ           #...         43%         1    ##.....
 Animate Skeleton         Necr           N/A          43%         1    ##.....
 Freeze                   Ice            #...         43%         1    ##.....
 Ozocubu's Refrigeration  Ice            #.........   100%        6    #######
 Summon Ice Beast         Ice/Summ       #.......     99%         4    #####..
 Ozocubu's Armour         Chrm/Ice       #.......     82%         3    ####...
 Ice Form                 Ice/Tmut       #.......     99%         4    #####..
 Throw Icicle             Conj/Ice       #.......     99%         4    #####..
 Confusing Touch          Hex            #.....       43%         1    ##.....
 Metabolic Englaciation   Hex/Ice        #.........   100%        5    ######.
 Simulacrum               Ice/Necr       #.........   100%        6    #######


Dungeon Overview and Level Annotations

Branches:
Dungeon (13/15) Temple (1/1) D:4 Lair (0/6) D:11 Orc (0/2) D:12 Vaults (0/5) D:12 D:13

Altars:
Ashenzari
Cheibriados
Dithmenos
Elyvilon
Fedhas
Gozag
Hepliaklqana
Kikubaaqudgha
Makhleb
Nemelex Xobeh
Okawaru
Qazlal
Ru
Sif Muna
Trog
Uskayaw
Vehumet
Wu Jian
Xom
Yredelemnul
Zin
The Shining One

Shops:
D:4 ?

Annotations:
D:3 1 runed door, vineage's ghost, amateur OgBe
D:13 Nessos


Innate Abilities, Weirdness & Mutations

You have a pair of horns on your head.
You are slightly more attuned to the shadows.
You are partially covered in sharp spines.


Message History

* * * LOW HITPOINT WARNING * * *
You hit the orc knight.
The orc knight is severely wounded.
You gain the combat prowess of a mighty hero.
The orc knight barely misses you.
You riposte.
You hit the orc knight but do no damage.
The orc knight is severely wounded.
You hit the orc knight but do no damage.
Your headbutt misses the orc knight.
The orc knight is severely wounded.
The orc knight completely misses you.
You hit the orc knight but do no damage.
The orc knight is severely wounded.
You hit the orc knight but do no damage.
You headbutt the orc knight, but do no damage.
The orc knight is severely wounded.
You slash the orc knight! Your headbutt misses the orc knight.
The orc knight is severely wounded.
The orc knight hits you with an enchanted bardiche!
You die...

#........### #.### ##.(..
..##...### #.#######..#..
..##...## #.##......##..
.###....# ###.#..#######..
...#.##.# #.....## ##.
.#...##.##### #....## #.
.#.####....[######.....# #.
.#...######..).[##.....## #.
##.#.## #####.@o......# #.
#.#..#### ####....#.# #.
##.##....### #....#.# #.
...#####...# #....#)# #. ####
###(#######.#..#.# #.
#.#8...8#.#..#.# #.
###.....#.####.# #. #..>...[# #.#
#.
############.....#.####.########.


You could see an orc knight.

Vanquished Creatures
  2 two-headed ogres
  Sonja (D:12)
  An unseen horror (D:12)
  Pikel (D:3)
  A manticore (D:12)
  An ugly thing (D:12)
  3 cyclopes
  Joseph (D:8)
  A gargoyle (D:11)
  2 freezing wraiths (D:12)
  2 trolls
  A hornet (D:9)
  Prince Ribbit (D:5)
  3 hippogriffs
  2 shadows
  12 yaks (D:12)
  3 wyverns
  14 humans (D:12)
  4 hungry ghosts
  Eustachio (D:4)
  A porcupine (D:11)
  A hornet zombie (D:8)
  5 sky beasts
  An eye of draining (D:11)
  4 orc warriors
  12 ogres
  2 necrophages
  2 centaurs (D:9)
  4 phantoms
  3 big kobolds (D:12)
  10 bullfrogs
  2 scorpions
  6 killer bees
  4 wights (D:11)
  3 howler monkeys
  3 centaur zombies (D:11)
  8 crimson imps
  2 quasits
  6 hounds
  2 orc priests
  2 bullfrog skeletons
  5 jellies
  2 iguanas (D:7)
  5 orc wizards
  10 worker ants
  Robin (D:3)
  6 gnolls
  9 adders
  2 shadow imps
  4 worms
  8 dart slugs
  A leopard gecko (D:2)
  29 orcs
  5 giant cockroaches
  19 goblins
  7 hobgoblins
  4 jackals
  5 quokkas
  2 ball pythons
  8 bats
  4 frilled lizards
  A jackal skeleton (D:7)
  6 kobolds
  A quokka zombie (D:6)
  4 rats
288 creatures vanquished.

Vanquished Creatures (collateral kills)
  An orc wizard (D:12)
  An orc (D:12)
2 creatures vanquished.

Vanquished Creatures (others)
  A human (D:13)
  An orc warrior (D:12)
  An ogre (D:12)
  An iguana (D:4)
  2 giant cockroaches (D:4)
  A fungus (D:11)
7 creatures vanquished.

Grand Total: 297 creatures vanquished

Notes
Turn   | Place    | Note
-------+----------+-------------------------------------------
     0 | D:1      | Anon1729 the Demonspawn Gladiator began the quest for the Orb.
     0 | D:1      | Reached XP level 1. HP: 16/16 MP: 1/1
   132 | D:1      | Gained mutation: You are partially covered in sharp spines. [demonic ancestry]
   132 | D:1      | Reached XP level 2. HP: 22/22 MP: 2/2
   614 | D:1      | Reached XP level 3. HP: 28/28 MP: 3/3
  1290 | D:3      | Found a runed door.
  1296 | D:3      | Noticed vineage's ghost (amateur OgBe)
  1322 | D:3      | Reached XP level 4. HP: 34/34 MP: 4/4
  1564 | D:3      | Noticed Robin
  1965 | D:3      | Killed Robin
  2177 | D:3      | Reached XP level 5. HP: 41/41 MP: 5/5
  2199 | D:3      | Found a glowing silver altar of Zin.
  2552 | D:4      | Noticed a slave
  2554 | D:4      | Noticed a slave
  2556 | D:4      | Noticed a slave
  2557 | D:4      | Noticed Pikel
  2558 | D:4      | Noticed a slave
  2771 | D:3      | Killed Pikel
  2771 | D:3      | Reached XP level 6. HP: 11/50 MP: 6/6
  2771 | D:3      | Reached XP level 7. HP: 12/55 MP: 7/7
  3122 | D:4      | Noticed a two-headed ogre
  3166 | D:4      | Found Ocapaest's Magic Scroll Emporium.
  3170 | D:4      | Reached skill level 5 in Long Blades
  3170 | D:4      | Reached skill level 5 in Dodging
  3171 | D:4      | Noticed Eustachio
  3236 | D:4      | Killed Eustachio
  3236 | D:4      | Reached skill level 5 in Fighting
  3616 | D:4      | Found a staircase to the Ecumenical Temple.
  3624 | Temple   | Entered the Ecumenical Temple
  3820 | D:5      | Entered Level 5 of the Dungeon
  3931 | D:5      | Noticed a water elemental
  3932 | D:5      | Found a stormy altar of Qazlal.
  3937 | D:5      | Noticed an air elemental
  3938 | D:5      | Noticed a fire elemental
  4158 | D:5      | Found an iron altar of Okawaru.
  4160 | D:5      | Found a sparkling altar of Nemelex Xobeh.
  4188 | D:5      | Reached XP level 8. HP: 48/64 MP: 8/8
  4361 | D:5      | Noticed Prince Ribbit
  4385 | D:5      | Killed Prince Ribbit
  4617 | D:6      | Found a white marble altar of Elyvilon.
  4909 | D:6      | Found a snail-covered altar of Cheibriados.
  5490 | D:7      | Gained mutation: You have a pair of small horns on your head. [demonic ancestry]
  5490 | D:7      | Reached XP level 9. HP: 54/72 MP: 9/9
  6329 | D:8      | Noticed Joseph
  6350 | D:8      | HP: 3/72 [Joseph/quarterstaff of protection (9)]
  6352 | D:8      | Killed Joseph
  6936 | D:8      | Found a hazy altar of Hepliaklqana.
  7474 | D:9      | Gained mutation: You have a pair of horns on your head. [demonic ancestry]
  7474 | D:9      | Reached XP level 10. HP: 59/82 MP: 10/10
  7881 | D:9      | Found an opulent altar of Gozag.
  8377 | D:9      | Got a slimy leather armour
  8388 | D:9      | Identified the +1 leather armour of the First Blessings {+Fly} (You found it on level 9 of the Dungeon)
  8708 | D:10     | Entered Level 10 of the Dungeon
  9277 | D:5      | Became a worshipper of Warmaster Okawaru
  9861 | D:11     | Found a staircase to the Lair.
  9872 | D:11     | Reached * piety under Okawaru
 10629 | D:11     | Noticed a two-headed ogre
 10639 | D:11     | Killed a two-headed ogre
 10639 | D:11     | Reached ** piety under Okawaru
 10639 | D:11     | Reached skill level 10 in Fighting
 10639 | D:11     | Reached XP level 11. HP: 13/90 MP: 8/11
 11973 | D:12     | Reached *** piety under Okawaru
 11973 | D:12     | Reached skill level 10 in Dodging
 11981 | D:12     | Reached skill level 10 in Long Blades
 12672 | D:12     | Noticed Sonja
 12677 | D:12     | Killed Sonja
 12677 | D:12     | Reached **** piety under Okawaru
 12937 | D:12     | Killed an unseen horror
 12937 | D:12     | Received a gift from Okawaru
 13068 | D:12     | Found a staircase to the Orcish Mines.
 13125 | D:12     | Noticed a red ugly thing
 13616 | D:12     | HP: 4/93 [red ugly thing (19)]
 13619 | D:12     | Killed a red ugly thing
 14131 | D:13     | Found a gate to the Vaults.
 14131 | D:13     | Noticed an orc knight
 14131 | D:13     | Noticed Nessos
 14131 | D:13     | Noticed a two-headed ogre
 14166 | D:13     | Noticed a death knight
 14442 | D:12     | Reached ***** piety under Okawaru
 14442 | D:12     | Gained mutation: You are slightly more attuned to the shadows. [demonic ancestry]
 14442 | D:12     | Reached XP level 12. HP: 23/100 MP: 12/12
 14900 | D:12     | Killed a two-headed ogre
 16158 | D:12     | Slain by an orc knight

Vault maps used:
D:1:      lightli_arrival_statuegarden
D:2:      first_ration
D:3:      lemuel_crystal_altar, ebering_ghost_reflecting_pool,
          minmay_misc_feat_roman, uniq_robin
D:4:      temple_doors_e, serial_shops, shop, lightli_corner_chamber, uniq_ijyb,
          uniq_pikel, uniq_eustachio
D:5:      chequers_temple_overflow_statue_of_worship,
          nicolae_qazlal_style_of_elements, uniq_prince_ribbit1
D:6:      lemuel_upstairs_altar, lemuel_round_altar, lemuel_doored_altar
D:7:      grunt_ogre_cave
D:8:      lemuel_round_altar, uniq_joseph
D:9:      basic_altar
D:11:     grunt_lair_entry_orc_guard_hut, kennysheep_generic_room_10
D:12:     kennysheep_orc_monster_closet_entryway, uniq_sonja
D:13:     david_vaults_3, minmay_bent, uniq_erolcha
Temple:   eino_temple_scatter_basement

Skill      XL: |  1  2  3  4  5  6  7  8  9 10 11 12 |
---------------+-------------------------------------+-----
Long Blades    | 3 4 5 6 8 9 10 11 | 11.1
Dodging        | 3 4 5 6 8 9 10 11 | 11.1
Fighting       | 3 4 5 7 8 10 11 | 11.8
Throwing       | |  1.7

Action                   |  1- 3 |  4- 6 |  7- 9 | 10-12 || total
-------------------------+-------+-------+-------+-------++-------
Melee: Long sword        |    73 |    75 |   304 |   530 ||   982
       Unarmed           |       |    13 |       |       ||    13
       Headbutt          |       |       |    35 |   167 ||   202
       Punch             |       |       |       |     1 ||     1
Throw: Javelin           |       |       |       |     8 ||     8
       Throwing net      |       |       |       |     5 ||     5
Invok: Heroism           |       |       |       |     6 ||     6
Evoke: Wand              |       |       |       |    20 ||    20
  Use: Potion            |       |     1 |     5 |     5 ||    11
 Stab: Sleeping          |     1 |       |     5 |     1 ||     7
       Distracted        |       |       |     1 |       ||     1
  Eat: Chunk             |     1 |     5 |    14 |    25 ||    45
       Ration            |       |       |       |     2 ||     2
Armor: Leather armour    |    25 |    15 |    50 |    56 ||   146
       Skin              |       |     2 |    32 |       ||    34
Dodge: Dodged            |    68 |    62 |   215 |   485 ||   830
Block: Buckler           |       |       |       |    72 ||    72
       Reflection        |       |       |       |     1 ||     1
       Rpst.: Long sword |    18 |    19 |    56 |   124 ||   217

Table legend:
 A = Spawn XP
 B = Non-spawn XP
 C = Spawn XP percentage of total XP
 D = Spawn monster count
 E = Non-spawn monster count
 F = Spawn count percentage of total count
 G = Total turns spent on level
                    A         B        C        D         E        F      G
               +---------+---------+-------+---------+---------+-------+---------
         Total |       0 |   26392 |   0.0 |       0 |     292 |   0.0 | 16158
               +---------+---------+-------+---------+---------+-------+---------
           D:1 |       0 |      41 |   0.0 |       0 |      15 |   0.0 |   662
           D:2 |       0 |      89 |   0.0 |       0 |      29 |   0.0 |   870
           D:3 |       0 |     756 |   0.0 |       0 |      31 |   0.0 |  1525
           D:4 |       0 |     262 |   0.0 |       0 |      11 |   0.0 |   599
           D:5 |       0 |     763 |   0.0 |       0 |      10 |   0.0 |   819
           D:6 |       0 |     458 |   0.0 |       0 |      12 |   0.0 |   733
           D:7 |       0 |    1227 |   0.0 |       0 |      19 |   0.0 |  1067
           D:8 |       0 |    1411 |   0.0 |       0 |      17 |   0.0 |  1229
           D:9 |       0 |    2878 |   0.0 |       0 |      37 |   0.0 |  1323
          D:10 |       0 |     566 |   0.0 |       0 |      11 |   0.0 |   752
          D:11 |       0 |    5013 |   0.0 |       0 |      34 |   0.0 |  2621
          D:12 |       0 |   12837 |   0.0 |       0 |      64 |   0.0 |  3772
          D:13 |       0 |      91 |   0.0 |       0 |       2 |   0.0 |    22
               +---------+---------+-------+---------+---------+-------+---------
